 Dungeon Crawl Stone Soup version 0.30.0-10-gfe55d96785 (webtiles) character file.

Game seed: 5263612387909902359

323466 BubbleThief the Warrior (level 21, 0/216 HPs)
             Began as a Naga Ice Elementalist on May 15, 2023.
             Was the Champion of the Shining One.
             Killed from afar by a golden dragon (19 damage)
             ... with a bolt of cold
             ... on level 2 of the Depths on May 16, 2023.
             The game lasted 02:40:02 (51586 turns).

BubbleThief the Warrior (Naga Ice Elementalist)    Turns: 51586, Time: 02:40:02

Health: 0/216      AC: 20    Str: 14    XL:     21   Next: 94%
Magic:  36/36      EV:  7    Int: 22    God:    the Shining One [******]
Gold:   3068       SH: 17    Dex: 21    Spells: 27/42 levels left

rFire   + + +        s - +9 double sword (heavy)
rCold   + . .        Y - +2 kite shield {rF+}
rNeg    + + +        R - +2 robe {rC+ rF+}
rPois   +            (no helmet)
rElec   .            K - +0 cloak
rCorr   +            w - +0 pair of gloves
SInv    +            h - +4 barding "Fukenam" {rC- rN+ Int+8}
Will    ++...        z - amulet of regeneration
Stlth   ++           N - ring "Irhuizan" {rF+++ rCorr Str+3 Int-3 Stlth+}
HPRegen 1.36/turn    W - ring "Zirivecw" {rC+ Slay+5}
MPRegen 0.25/turn

%: no passive effects
@: about to teleport, glowing, studying Fire Magic, very slow
A: AC +7, large, see invisible, deformed body, poison resistance, slowness 2,
spit poison 1, naga tail 2, fangs 1, subdued magic 1
}: 1/15 runes: decaying
a: Spit Poison, Renounce Religion, Divine Shield, Cleansing Flame, Summon Divine
Warrior, Brand Weapon With Holy Wrath


You were on level 2 of the Depths.
You worshipped the Shining One.
The Shining One was exalted by your worship.
You visited 7 branches of the dungeon, and saw 36 of its levels.
You visited the Abyss 1 time.
You also visited: Bailey and Gauntlet.

You collected 6206 gold pieces.
You spent 3138 gold pieces at shops.

Inventory:

Hand Weapons
 s - a +9 heavy double sword (weapon)
Missiles
 a - 3 throwing nets
Armour
 h - the +4 barding "Fukenam" (worn) {rC- rN+ Int+8}
   (You acquired it on level 9 of the Dungeon)

   Int:       It affects your intelligence (+8).
   rC:        It makes you vulnerable to cold.
   rN:        It protects you from negative energy.
 w - a +0 pair of gloves (worn)
 G - the +2 barding "Feshasiz" {rC+++ Will+ rCorr Int-2}
   (You acquired it on level 2 of the Vaults)

   Int:       It affects your intelligence (-2).
   rC:        It renders you almost immune to cold.
   rCorr:     It protects you from acid and corrosion.
   Will:      It increases your willpower.
 K - a +0 cloak (worn)
 R - a +2 robe of resistance (worn)
 Y - a +2 kite shield of fire resistance (worn)
Jewellery
 y - a ring of willpower
 z - an amulet of regeneration (around neck)
 D - a ring of flight
 J - the ring of the Seven Friars {rC++ MP+9 Str+2 Int+3}
   (You found it on level 2 of the Spider Nest)

   [ring of magical power]

   Str:       It affects your strength (+2).
   Int:       It affects your intelligence (+3).
   rC:        It greatly protects you from cold.
   MP:        It affects your magic capacity (+9).
 N - the ring "Irhuizan" (left hand) {rF+++ rCorr Str+3 Int-3 Stlth+}
   (You acquired it in a bailey)

   [ring of resist corrosion]

   Str:       It affects your strength (+3).
   Int:       It affects your intelligence (-3).
   rF:        It renders you almost immune to fire.
   rCorr:     It protects you from acid and corrosion.
   Stlth:     It makes you more stealthy.
 V - an amulet of magic regeneration
 W - the ring "Zirivecw" (right hand) {rC+ Slay+5}
   (You bought it in a shop on level 2 of the Orcish Mines)

   [ring of protection from cold]

   Slay:      It affects your accuracy & damage with ranged weapons and melee
   (+5).
   rC:        It protects you from cold.
Wands
 e - a wand of polymorph (11)
 B - a wand of roots (4)
 Q - a wand of mindburst (8)
Scrolls
 d - 4 scrolls of silence
 g - a scroll of blinking
 i - 4 scrolls of teleportation
 n - 7 scrolls of enchant armour
 p - 6 scrolls of magic mapping
 q - 6 scrolls of poison
 r - 19 scrolls of identify
 E - 3 scrolls of amnesia
 O - 3 scrolls of fear
 P - 2 scrolls of brand weapon
 U - a scroll of fog
 X - a scroll of summoning
Potions
 b - 3 potions of magic
 c - 4 potions of ambrosia
 k - 6 potions of lignification
 l - 11 potions of flight
 m - 9 potions of cancellation
 o - 3 potions of resistance
 t - 10 potions of brilliance
 u - 8 potions of attraction
 v - 5 potions of might
 A - 8 potions of curing
 H - 3 potions of haste
 L - 3 potions of mutation
 M - 4 potions of invisibility
 T - 3 potions of berserk rage
Miscellaneous
 F - a phantom mirror


   Skills:
 - Level 19.0 Fighting
 + Level 16.0 Long Blades
 - Level 1.5 Dodging
 - Level 3.0 Stealth
 + Level 14.9 Shields
 + Level 11.4 Spellcasting
 + Level 17.5 Ice Magic
 - Level 18.0 Invocations


You had 27 spell levels left.
You knew the following spells:

 Your Spells              Type           Power      Damage    Failure   Level
a - Summon Ice Beast      Ice/Summ       39%        N/A       1%          4
b - Frozen Ramparts       Ice            100%       1d16      0%          3
c - Ozocubu's Armour      Ice            62%        N/A       0%          3
d - Freezing Cloud        Conj/Ice/Air   14%        6-21      21%         5

Your spell library contained the following spells:

 Spells                   Type           Power      Damage    Failure   Level
 Freeze                   Ice            100%       1d10      0%          1
 Hailstorm                Conj/Ice       39%        3d9       1%          3
 Ice Form                 Ice/Tmut       39%        N/A       1%          4
 Apportation              Tloc           18%        N/A       8%          1
 Sandblast                Erth           18%        2d7       8%          1
 Shock                    Conj/Air       36%        1d5       8%          1
 Slow                     Hex            36%        N/A       8%          1
 Blink                    Tloc           18%        N/A       12%         2
 Lesser Beckoning         Tloc           18%        N/A       12%         2
 Momentum Strike          Conj/Tloc      18%        3d8       12%         2
 Passwall                 Tmut/Erth      7%         N/A       12%         2
 Poisonous Vapours        Pois/Air       18%        N/A       12%         2
 Confusing Touch          Hex            9%         N/A       24%         3
 Dazzling Flash           Conj/Hex       18%        N/A       24%         3
 Gell's Gravitas          Tloc           9%         N/A       24%         3
 Ignite Poison            Fire/Tmut/Pois 9%         N/A       24%         3
 Mephitic Cloud           Conj/Pois/Air  9%         N/A       24%         3
 Stone Arrow              Conj/Erth      18%        3d8       24%         3
 Swiftness                Air            9%         N/A       24%         3
 Teleport Other           Tloc           9%         N/A       24%         3
 Tukima's Dance           Hex            9%         N/A       24%         3
 Vampiric Draining        Necr           9%         2d6       24%         3
 Volatile Blastmotes      Fire/Tloc      18%        2d11      24%         3
 Simulacrum               Ice/Necr       19%        N/A       32%         6
 Airstrike                Air            4%         2d(1-17)  63%         4
 Animate Armour           Summ/Erth      18%        N/A       63%         4
 Animate Dead             Necr           9%         N/A       63%         4
 Cause Fear               Hex            4%         N/A       63%         4
 Fulminant Prism          Conj/Hex       4%         3d5       63%         4
 Iskenderun's Mystic Bla  Conj/Tloc      9%         2d4       63%         4
 Passage of Golubria      Tloc           9%         N/A       63%         4
 Sticky Flame             Conj/Fire      9%         2d3       63%         4
 Agony                    Necr           9%         N/A       93%         5
 Alistair's Intoxication  Tmut/Pois      6%         N/A       93%         5
 Lee's Rapid Deconstruct  Erth           4%         3d5*      93%         5
 Silence                  Hex/Air        4%         N/A       93%         5
 Summon Forest            Summ/Tloc      4%         N/A       93%         5
 Summon Mana Viper        Hex/Summ       9%         N/A       93%         5
 Yara's Violent Unravell  Hex/Tmut       4%         3d4       93%         5
 Summon Cactus Giant      Summ           4%         N/A       100%        6
 Dragon Form              Tmut           4%         N/A       100%        7
 Ignition                 Fire           4%         3d4       100%        8
 Lehudib's Crystal Spear  Conj/Erth      4%         10d3      100%        8
 Chain Lightning          Conj/Air       4%         3d6       100%        9
 Dragon's Call            Summ           4%         N/A       100%        9
 Fire Storm               Conj/Fire      4%         8d1       100%        9
 Polar Vortex             Ice            31%        N/A       100%        9
 Shatter                  Erth           4%         3d8*      100%        9


Dungeon Overview and Level Annotations

Branches:
Dungeon (15/15)            Temple (0/1) D:7            Lair (5/5) D:11
  Swamp (4/4) Lair:2       Spider (4/4) Lair:3        Slime (0/5) Lair:5
    Orc (2/2) D:9             Elf (0/3) Orc:2        Vaults (4/5) D:13
  Crypt (0/3) Vaults:3     Depths (2/4) D:15         Bailey (visited)
Gauntlet (visited)

Altars:
Cheibriados
Elyvilon
Fedhas
Hepliaklqana
Okawaru
Ru
Trog
Uskayaw
Vehumet
Wu Jian
Zin
The Shining One
Jiyva
Lugonu

Shops:
D:1 [[?*(   Orc:1 (   Orc:2 ==!*   Vaults:1 =   Depths:1 *

Portals:
Hell: Depths:1
Abyss: Lair:5 Swamp:1
Pandemonium: Depths:1
Trove: D:10 (show abyssal rune of Zot)

Annotations:
D:7 1 runed translucent door
D:12 4 runed translucent doors
Swamp:1 1 transporter
Swamp:2 2 transporters, xzight's ghost, adept MiBe
Spider:4 Louise; Roxanne


Innate Abilities, Weirdness & Mutations

Your serpentine skin is tough. (AC +7)
You have supernaturally acute eyesight. (SInv)
Armour fits poorly on your strangely shaped body.
Your system is resistant to poisons. (rPois)
You cover ground very slowly.
You can spit poison.
You can use your snake-like lower body to constrict enemies.
You have very sharp teeth.
Your spells are a little easier to cast, but a little less powerful.


Message History

You slash the golden dragon!
You bite the golden dragon, but do no damage.
The golden dragon is severely wounded.
The stone giant throws a large rock.
The large rock barely misses you.
The walking divine tome erupts in a flurry of living spells!
The golden dragon breathes fire at you. The bolt of fire hits you! You resist.
The living spell casts itself at you. Something smites you!
The living spell casts itself at you. Something smites you!
The living spell casts itself at you. Something smites you!
As you read the scroll of teleportation, it crumbles to dust.
You feel strangely unstable.
The storm dragon breathes lightning at you.
The bolt of lightning hits you!!!
* * * LOW HITPOINT WARNING * * *
The golden dragon bites you!
* * * LOW HITPOINT WARNING * * *
You block the golden dragon's attack.
The golden dragon tramples you but does no damage.
The living spell casts itself at you. Something smites you!
* * * LOW HITPOINT WARNING * * *
You hear a shout! x2
Okay, then.
You feel better.
The golden dragon bites you but does no damage.
You block the golden dragon's attack. The golden dragon barely misses you.
You block the stone giant's attack.
The walking divine tome erupts in a flurry of living spells!
The living spell casts itself at you. Something smites you!
* * * LOW HITPOINT WARNING * * *
Unknown command.
You feel better. The golden dragon breathes cold at you.
The bolt of cold hits you!! You resist.
You die...

##.###.....# ..u. ##.#
#..*[.# #..# #.....# ####
#.####*.;..# ....
#....#.....# ....
#.##.#...).# ..
#'##.#.....#
#))###...DC################
##.. #...D@[...............
...#.....................
..##.....................
..#######################
..#


You could see a golden dragon (catching breath), a storm dragon, a walking
divine tome, a stone giant and 2 living smiting commandments.

Vanquished Creatures
  the Lernaean hydra (Swamp:4)
  Saint Roka (Depths:1)
  2 caustic shrikes (Depths:2)
  A golden dragon (Depths:2)
  Nikola (Swamp:1)
  Rupert (Orc:2)
  A quicksilver dragon (Depths:1)
  2 liches (Depths:2)
  Mlioglotl (Spider:1)
  A walking divine tome (Depths:2)
  An Executioner (Abyss:2)
  2 tentacled starspawn (Abyss:2)
  The ghost of Vubreenic the Markscentaur, an adept CeHu of Okawaru (Spider:2)
  Asterion (Vaults:2)
  3 sphinxes
  Gastronok (Orc:1)
  A thorn hunter (Swamp:1)
  A shadow dragon (Abyss:2)
  The ghost of snackwell the Impaler, an adept MfGl of Makhleb (Swamp:1)
  2 tengu reavers
  3 frost giants
  2 ghost moths (Spider:3)
  5 fire giants
  6 vault wardens
  2 emperor scorpions
  2 deep elf elementalists (Depths:2)
  7 ironbound preservers
  A juggernaut skeleton (Depths:2)
  4 stone giants
  3 orc warlords
  2 war gargoyles
  9 ironbound thunderhulks
  2 deep elf demonologists
  A vampire knight (Depths:2)
  11 very ugly things
  4 eleionomae
  A deep elf annihilator (Depths:2)
  3 dire elephants (Vaults:1)
  A minotaur (Gauntlet)
  A bunyip (Swamp:3)
  3 spark wasps
  3 ettins
  2 fire dragons (Depths:2)
  A merfolk impaler (Depths:2)
  12 yaktaur captains
  9 great orbs of eyes
  4 entropy weavers
  A shambling mangrove (Swamp:2)
  Fannar (Lair:1)
  A quicksilver dragon skeleton (Depths:2)
  A ghost crab (Swamp:2)
  A rakshasa (Depths:2)
  4 vault guards
  8 hydras
  A peacekeeper (Vaults:3)
  2 spriggan air magi
  3 ice dragons
  6 radroaches
  12 ironbound frosthearts
  25 centaur warriors
  13 boulder beetles
  5 two-headed ogres
  6 deep troll earth magi
  3 death yaks (Lair:2)
  7 alligators
  6 orc high priests (Orc:2)
  3 spriggan berserkers
  2 death scarabs (Spider:2)
  3 tengu warriors
  5 deep troll shamans
  4 thrashing horrors
  2 vampire magi
  A storm dragon zombie (Depths:1)
  A titan skeleton (Abyss:2)
  Sonja (Orc:2)
  2 wretched stars (Abyss:2)
  A skyshark (Lair:4)
  Amaemon (D:8)
  A fire crab (Lair:4)
  3 pharaoh ants (Spider:3)
  3 iron trolls
  3 sun moths
  29 deep trolls
  4 orb spiders
  5 swamp dragons
  3 spriggan druids
  An orb spider (shapeshifter) (Vaults:1)
  3 glowing orange brains
  4 goliath frogs
  4 wizards
  4 bog bodies
  12 ironbound convokers
  A golden dragon skeleton (Vaults:1)
  A lindwurm (Vaults:1)
  2 steelbarb worms (Spider:1)
  5 orc knights
  5 necromancers
  A deep elf pyromancer (D:13)
  3 orc sorcerers (Orc:2)
  7 will-o-the-wisps
  65 ugly things
  A mana viper (shapeshifter) (Vaults:1)
  A cyclops (shapeshifter) (Depths:2)
  A fire giant zombie (Depths:2)
  9 wolf spiders
  3 worldbinders
  6 manticores
  9 cyclopes
  15 elephants
  An apocalypse crab (Abyss:2)
  A gargoyle (D:12)
  5 black mambas
  6 demonic crawlers
  15 vault sentinels
  9 cane toads
  An eye of devastation (Gauntlet)
  3 smoke demons
  2 hellions
  3 torpor snails
  An orange demon (D:8)
  A yaktaur zombie (Vaults:1)
  Maggie (D:9)
  10 komodo dragons
  A freezing wraith (Vaults:3)
  A tormentor (Abyss:2)
  3 efreet
  18 yaktaurs
  A komodo dragon (shapeshifter) (Lair:5)
  4 ancient zymes
  A spriggan skeleton (Depths:1)
  3 tengu conjurers
  A golden dragon simulacrum (Depths:1)
  9 tyrant leeches
  6 polar bears
  8 meliai
  14 trolls
  2 tengu simulacra
  8 hornets
  10 tarantellas
  30 blink frogs
  6 raiju
  A frost giant simulacrum (Depths:1)
  11 dream sheep
  25 jumping spiders
  A jumping spider (shapeshifter) (D:15)
  9 spriggans
  3 wraiths
  3 ynoxinuls
  A flying skull (Vaults:3)
  18 slime creatures
  3 shadows
  12 water elementals (Depths:2)
  11 culicivoras
  A spriggan (shapeshifter) (D:14)
  An elf simulacrum (Vaults:1)
  5 humans (D:8)
  31 yaks
  A vampire (D:12)
  8 wyverns
  A fire elemental (Depths:1)
  5 basilisks
  A redback (shapeshifter) (Vaults:1)
  Grum (D:8)
  2 chaos spawn (Lair:5)
  10 small abominations
  A golden eye (Gauntlet)
  9 vampire mosquitoes
  A neqoxec (Abyss:2)
  2 steam dragons
  39 redbacks
  6 wargs
  19 swamp worms
  4 large abominations
  3 acid dragons
  A floating eye (Gauntlet)
  42 orc warriors
  13 water moccasins
  4 black bears
  6 swamp drakes
  An ice beast (D:7)
  4 ogres
  9 wolves
  14 starcursed masses (Abyss:2)
  16 centaurs
  A phantom (D:7)
  2 kobold brigands (D:8)
  A gnoll sergeant (D:11)
  7 bullfrogs
  10 wights
  10 howler monkeys
  An electric eel (Spider:2)
  A quasit (Abyss:2)
  10 jellies
  43 orc priests
  2 hounds (D:5)
  A sleepcap (D:5)
  Terence (D:3)
  Jessica (D:2)
  6 iguanas
  5 hell rats (Lair:2)
  14 orc wizards
  A scorpion zombie (D:3)
  A hound skeleton (D:3)
  A mummy (D:8)
  3 adders
  10 gnolls
  2 shadow imps
  4 white imps
  A worm (D:8)
  An adder skeleton (D:3)
  3 dart slugs
  112 orcs
  7 ball pythons (D:1)
  8 endoplasms
  6 giant cockroaches
  13 goblins
  10 hobgoblins
  4 quokkas
  8 bats
  3 frilled lizards
  A giant cockroach zombie (D:3)
  A goblin zombie (D:8)
  9 kobolds
  A kobold zombie (D:8)
  4 rats
  6 starspawn tentacles (Abyss:2)
1356 creatures vanquished.

Vanquished Creatures (collateral kills)
  A storm dragon (Vaults:3)
  A fenstrider witch (Swamp:4)
  3 vault wardens
  Aizul (Depths:1)
  A frost giant (Depths:2)
  A cacodemon (Swamp:1)
  3 ironbound preservers
  A very ugly thing (Vaults:1)
  2 spark wasps (Spider:2)
  A yaktaur captain (Vaults:3)
  An ice dragon (Depths:1)
  8 hydras (Swamp:4)
  A vault guard (Vaults:4)
  A ghost crab (Swamp:4)
  A jorogumo (Spider:2)
  2 spriggan air magi (Depths:2)
  2 ironbound frosthearts
  3 centaur warriors (Vaults:1)
  A hell hog (Swamp:1)
  2 goliath frogs
  A glowing orange brain (Vaults:1)
  11 deep trolls
  6 bog bodies (Swamp:4)
  5 swamp dragons (Swamp:4)
  An iron dragon zombie (Depths:1)
  A stone giant zombie (Depths:1)
  2 ugly things (Vaults:1)
  2 vault sentinels (Vaults:1)
  4 yaktaurs (Vaults:1)
  A spriggan skeleton (Depths:1)
  2 hornets (Swamp:4)
  An ettin zombie (Vaults:1)
  A stone giant simulacrum (Depths:1)
  A slime creature (Vaults:1)
  2 spriggans
  A tengu zombie (Depths:1)
  2 swamp worms (Swamp:2)
  2 swamp drakes (Swamp:4)
83 creatures vanquished.

Vanquished Creatures (others)
  A thrashing horror (Swamp:1)
  A deep troll (Vaults:4)
  A will-o-the-wisp (Swamp:4)
  3 bloated husks
  A swamp drake (Swamp:4)
  42 foxfires
  17 spectral weapons
  11 starspawn tentacles
77 creatures vanquished.

Grand Total: 1516 creatures vanquished

Notes
Turn   | Place    | Note
-------+----------+-------------------------------------------
     0 | D:1      | BubbleThief the Naga Ice Elementalist began the quest for
                  | the Orb.
     0 | D:1      | Reached XP level 1. HP: 15/15 MP: 3/3
   108 | D:1      | Found Hasaav's Antique Weapon Emporium.
   112 | D:1      | Reached XP level 2. HP: 21/22 MP: 3/5
   186 | D:1      | Found Wimoudum's Assorted Antiques.
   334 | D:1      | Found Haum's Antique Armour Shop.
   336 | D:1      | Found Buucs's Antique Armour Shop.
   485 | D:1      | Found Futrucre's Magic Scroll Shop.
   557 | D:1      | Reached XP level 3. HP: 28/28 MP: 4/6
  1100 | D:2      | Learned a level 3 spell: Frozen Ramparts
  1104 | D:2      | Learned a level 3 spell: Ozocubu's Armour
  1141 | D:2      | Noticed Jessica
  1149 | D:2      | Killed Jessica
  1150 | D:2      | Reached skill level 5 in Ice Magic
  1150 | D:2      | Reached XP level 4. HP: 36/36 MP: 4/8
  1717 | D:3      | Noticed Terence
  1731 | D:3      | Killed Terence
  1732 | D:3      | Reached XP level 5. HP: 38/42 MP: 3/9
  1899 | D:3      | Found a glowing golden altar of the Shining One.
  1899 | D:3      | Found a white marble altar of Elyvilon.
  1914 | D:3      | Became a worshipper of the Shining One
  1970 | D:3      | Found an iron altar of Okawaru.
  2526 | D:4      | Reached XP level 6. HP: 49/49 MP: 7/11
  2956 | D:4      | Found a radiant altar of Vehumet.
  2956 | D:4      | Found a glowing silver altar of Zin.
  3065 | D:5      | Entered Level 5 of the Dungeon
  3640 | D:5      | Reached skill level 1 in Fighting
  3785 | D:5      | Reached XP level 7. HP: 58/58 MP: 7/12
  3816 | D:5      | Reached skill level 2 in Fighting
  4225 | D:5      | Found a blossoming altar of Fedhas.
  4391 | D:6      | Reached skill level 3 in Fighting
  4466 | D:6      | Reached * piety under the Shining One
  4483 | D:6      | Reached XP level 8. HP: 61/69 MP: 8/13
  4857 | D:6      | Found a sacrificial altar of Ru.
  5069 | D:7      | Reached skill level 4 in Fighting
  5243 | D:7      | Found a runed translucent door.
  5478 | D:7      | Noticed a sixfirhy
  5526 | D:7      | Found an ornate altar of the Wu Jian Council.
  5535 | D:7      | Noticed a manticore
  5545 | D:7      | Killed a manticore
  5546 | D:7      | Reached skill level 5 in Fighting
  5546 | D:7      | Reached skill level 10 in Ice Magic
  5546 | D:7      | Reached XP level 9. HP: 41/81 MP: 13/14
  5818 | D:7      | Found the +5 glaive of the Guard {elec, spectral, AC+5}
  6103 | D:7      | Reached ** piety under the Shining One
  6202 | D:7      | Reached skill level 6 in Fighting
  6223 | D:7      | Found a staircase to the Ecumenical Temple.
  6484 | D:8      | Noticed Grum
  6493 | D:8      | Killed Grum
  6605 | D:8      | Noticed an orange demon
  6612 | D:8      | Killed an orange demon
  6647 | D:8      | Reached skill level 7 in Fighting
  6647 | D:8      | Reached XP level 10. HP: 91/94 MP: 15/15
  6690 | D:8      | Noticed Amaemon
  6695 | D:8      | Killed Amaemon
  6871 | D:8      | Reached *** piety under the Shining One
  6883 | D:8      | Reached skill level 8 in Fighting
  7082 | D:8      | Found a snail-covered altar of Cheibriados.
  7224 | D:8      | Found a hazy altar of Hepliaklqana.
  7363 | D:9      | Noticed Maggie
  7372 | D:9      | Killed Maggie
  7378 | D:9      | Identified a scroll of acquirement
  7378 | D:9      | Acquired the +4 barding "Fukenam" {rC- rN+ Int+8}
  7425 | D:9      | Reached skill level 9 in Fighting
  7515 | D:9      | Found a flagged portal.
  7528 | Bailey   | Entered a bailey
  7704 | Bailey   | Reached XP level 11. HP: 108/108 MP: 16/16
  7712 | Bailey   | Reached skill level 10 in Fighting
  7897 | Bailey   | Noticed an orc warlord
  7909 | Bailey   | Killed an orc warlord
  7910 | Bailey   | Reached skill level 11 in Fighting
  7916 | Bailey   | Found the +3 Mad Mage's Maulers {Infuse+∞ VampMP -Cast}
  8066 | Bailey   | Acquired the ring "Irhuizan" {rF+++ rCorr Str+3 Int-3
                  | Stlth+}
  8227 | D:9      | Found a staircase to the Orcish Mines.
  9033 | D:10     | Entered Level 10 of the Dungeon
  9172 | D:10     | Found a portal to a secret trove of treasure.
  9201 | D:10     | Reached **** piety under the Shining One
  9265 | D:10     | Reached skill level 12 in Fighting
  9503 | D:10     | Identified the +7 trident of Slow Death {heavy, Stlth+}
  9986 | D:11     | Noticed a cyclops
  9995 | D:11     | Killed a cyclops
 10068 | D:11     | Noticed a two-headed ogre
 10069 | D:11     | Found a viscous altar of Jiyva.
 10072 | D:11     | Killed a two-headed ogre
 10075 | D:11     | Reached skill level 13 in Fighting
 10360 | D:11     | Reached XP level 12. HP: 115/126 MP: 8/17
 10430 | D:11     | Found a staircase to the Lair.
 10444 | D:11     | Noticed a boulder beetle
 10448 | D:11     | Reached skill level 14 in Fighting
 10457 | D:11     | Killed a boulder beetle
 11060 | Lair:1   | Entered Level 1 of the Lair of Beasts
 11060 | Lair:1   | Found the +7 staff of the Meek {protect, meekguard}
 11273 | Lair:1   | Reached skill level 15 in Fighting
 11550 | Lair:1   | Reached ***** piety under the Shining One
 11771 | Lair:1   | Learned a level 4 spell: Summon Ice Beast
 11917 | Lair:1   | Noticed Fannar
 11939 | Lair:1   | Killed Fannar
 11940 | Lair:1   | Reached skill level 16 in Fighting
 12877 | Lair:2   | Noticed a death yak
 12885 | Lair:2   | Killed a death yak
 12916 | Lair:2   | Noticed a death yak
 12918 | Lair:2   | Noticed a death yak
 12925 | Lair:2   | Killed a death yak
 12926 | Lair:2   | Gained mutation: You can use your snake-like lower body to
                  | constrict enemies. [Naga growth]
 12926 | Lair:2   | Reached XP level 13. HP: 133/142 MP: 12/18
 13065 | Lair:2   | Reached skill level 17 in Fighting
 13661 | Lair:2   | Found a staircase to the Swamp.
 13938 | Lair:3   | Found a gate leading to a gauntlet.
 13947 | Gauntlet | Entered a Gauntlet
 13947 | Gauntlet | Found a transporter.
 13957 | Gauntlet | Found a transporter.
 13960 | Gauntlet | Found a transporter.
 13961 | Gauntlet | Found a transporter.
 13965 | Gauntlet | Found a runed translucent door.
 13967 | Gauntlet | Found a runed translucent door.
 13969 | Gauntlet | Found a transporter.
 13972 | Gauntlet | Found a transporter.
 13973 | Gauntlet | Found a transporter.
 13984 | Gauntlet | Found a transporter.
 13985 | Gauntlet | Found a transporter.
 13985 | Gauntlet | Found a transporter.
 13993 | Gauntlet | Found a transporter.
 13996 | Gauntlet | Found a transporter.
 13997 | Gauntlet | Found a transporter.
 14002 | Gauntlet | Noticed a great orb of eyes
 14005 | Gauntlet | Found a transporter.
 14212 | Gauntlet | Noticed a minotaur
 14220 | Gauntlet | Killed a minotaur
 14227 | Gauntlet | Identified the +7 lajatang of Wyrd {freeze, rN+ Will+}
 14228 | Gauntlet | Got the Verses on Wintry Iniquitous Rites
 14619 | Lair:3   | Reached skill level 18 in Fighting
 14664 | Lair:3   | Reached skill level 1 in Invocations
 14664 | Lair:3   | Found a hole to the Spider Nest.
 15530 | Lair:4   | Reached skill level 5 in Invocations
 15777 | Lair:4   | Reached ****** piety under the Shining One
 16446 | Lair:5   | Entered Level 5 of the Lair of Beasts
 16484 | Lair:5   | Reached XP level 14. HP: 89/156 MP: 7/20
 16507 | Lair:5   | Reached skill level 10 in Invocations
 16754 | Lair:5   | Found a staircase to the Slime Pits.
 16754 | Lair:5   | Found a viscous altar of Jiyva.
 17895 | Lair:5   | Found a corrupted altar of Lugonu.
 17899 | Lair:5   | Found a one-way gate to the infinite horrors of the Abyss.
 19257 | D:12     | Found a runed translucent door.
 19269 | D:12     | Found a runed translucent door.
 19715 | D:12     | Found a runed translucent door.
 19816 | D:12     | Found a runed translucent door.
 20181 | D:13     | Reached skill level 1 in Shields
 20406 | D:13     | Found a gate to the Vaults.
 20652 | D:13     | Reached XP level 15. HP: 71/163 MP: 20/25
 20981 | D:13     | Found a hide-covered altar of Uskayaw.
 21589 | Orc:1    | Entered Level 1 of the Orcish Mines
 21605 | Orc:1    | Noticed Gastronok
 21650 | Orc:1    | Killed Gastronok
 21908 | Orc:2    | Entered Level 2 of the Orcish Mines
 21989 | Orc:2    | Noticed Sonja
 22008 | Orc:2    | Killed Sonja
 22261 | Orc:2    | Reached skill level 15 in Invocations
 22290 | Orc:2    | Found Kulesi's Assorted Antiques.
 22290 | Orc:2    | Found Lahuifoh's Distillery.
 22309 | Orc:2    | Bought a scroll of teleportation for 75 gold pieces
 22318 | Orc:2    | Bought a potion of resistance for 170 gold pieces
 22318 | Orc:2    | Bought a potion of brilliance for 68 gold pieces
 22318 | Orc:2    | Bought a potion of heal wounds for 85 gold pieces
 22318 | Orc:2    | Bought a potion of brilliance for 68 gold pieces
 22318 | Orc:2    | Bought a potion of heal wounds for 85 gold pieces
 22398 | Orc:2    | Reached skill level 5 in Shields
 22407 | Orc:2    | Found Jugenina's Jewellery Shop.
 22407 | Orc:2    | Found Gowny's Jewellery Emporium.
 22449 | Orc:2    | Noticed an orc warlord
 22456 | Orc:2    | Killed an orc warlord
 22480 | Orc:2    | Bought the ring "Zirivecw" {rC+ Slay+5} for 689 gold pieces
 22611 | Orc:2    | Noticed Rupert
 22615 | Orc:2    | Killed Rupert
 22658 | Orc:2    | Found a staircase to the Elven Halls.
 22848 | Orc:2    | Found a bloodstained altar of Trog.
 22930 | Orc:1    | Found Doja's Weapon Shop.
 25122 | D:14     | Reached XP level 16. HP: 153/171 MP: 22/28
 25327 | D:15     | Entered Level 15 of the Dungeon
 25580 | D:15     | Found a staircase to the Depths.
 26069 | D:15     | Identified the +6 great sword "Pofatuxi" {heavy, rC- Str+7}
 26590 | Spider:1 | Entered Level 1 of the Spider Nest
 27504 | Spider:1 | Noticed Mlioglotl
 27520 | Spider:1 | Killed Mlioglotl
 28334 | Spider:2 | Identified the +7 sling of Reapportionment {drain, Str+4
                  | Dex+6}
 28345 | Spider:2 | Noticed Vubreenic's ghost (adept CeHu)
 28348 | Spider:2 | Found a runed translucent gate.
 28348 | Spider:2 | Found a runed translucent gate.
 28348 | Spider:2 | Found a runed translucent gate.
 28704 | Spider:2 | Reached skill level 10 in Shields
 29524 | Spider:3 | Reached XP level 17. HP: 168/181 MP: 24/30
 30496 | Spider:4 | Entered Level 4 of the Spider Nest
 30608 | Spider:4 | Noticed Louise
 30695 | Spider:4 | Reached skill level 1 in Long Blades
 31096 | Spider:4 | Identified Roxanne's Cyclopedia of Shaping
 31096 | Spider:4 | Noticed Roxanne
 31190 | Swamp:1  | Entered Level 1 of the Swamp
 31485 | Swamp:1  | Found a transporter.
 31512 | Swamp:1  | Noticed a tentacled starspawn
 31516 | Swamp:1  | Noticed Nikola
 31531 | Swamp:1  | Killed Nikola
 31532 | Swamp:1  | Reached skill level 19 in Fighting
 31665 | Swamp:1  | Found a transporter.
 31931 | Swamp:1  | Noticed a Hell Sentinel
 31931 | Swamp:1  | Noticed snackwell's ghost (adept MfGl)
 31956 | Swamp:1  | Learned a level 5 spell: Freezing Cloud
 32082 | Swamp:1  | Identified the +7 spear of Okil {heavy, rC+ Str+2 Dex+2}
 32759 | Swamp:2  | Found a transporter.
 32761 | Swamp:2  | Noticed a tentacled monstrosity
 32762 | Swamp:2  | Noticed a tentacled monstrosity
 32765 | Swamp:2  | Noticed xzight's ghost (adept MiBe)
 32772 | Swamp:2  | Noticed a tentacled monstrosity
 32836 | Swamp:2  | Found a transporter.
 32859 | Swamp:2  | Identified the +0 ring mail of Tomorrow {Rampage Will++}
 33421 | Swamp:2  | Reached skill level 5 in Long Blades
 34737 | Swamp:4  | Entered Level 4 of the Swamp
 35531 | Swamp:4  | Identified the +5 rapier of Zyittigo {elec, Dex+2}
 35796 | Swamp:4  | Reached XP level 18. HP: 134/192 MP: 24/31
 35885 | Swamp:4  | Reached skill level 10 in Long Blades
 36116 | Swamp:4  | Noticed the 27-headed Lernaean hydra
 36124 | Swamp:4  | Killed the 24-headed Lernaean hydra
 36131 | Swamp:4  | Got a decaying rune of Zot
 37487 | Vaults:1 | Entered Level 1 of the Vaults
 39626 | Vaults:1 | Reached skill level 5 in Spellcasting
 39629 | Vaults:1 | HP: 6/192 [yaktaur/bolt (18)]
 39635 | Vaults:1 | Reached XP level 19. HP: 21/199 MP: 22/32
 40489 | Vaults:1 | Found the amulet of the Air {Inacc Air Fly rElec RMsl}
 40655 | Vaults:1 | Found Ziamotek's Jewellery Shoppe.
 40664 | Vaults:1 | Bought an amulet of regeneration for 540 gold pieces
 41191 | Vaults:2 | Acquired the +2 barding "Feshasiz" {rC+++ Will+ rCorr
                  | Int-2}
 41906 | Vaults:2 | Noticed Asterion
 42885 | Vaults:3 | Identified the +10 lajatang "Sarenn" {venom, rF+ rC+++ rN+
                  | Dex-2}
 43202 | Vaults:3 | Reached skill level 15 in Ice Magic
 43452 | Vaults:3 | Found a staircase to the Crypt.
 44522 | Vaults:4 | Reached XP level 20. HP: 202/208 MP: 30/33
 46301 | Vaults:2 | Killed Asterion
 46531 | D:1      | Bought a runed kite shield for 180 gold pieces
 46531 | D:1      | Bought a bloodstained buckler for 228 gold pieces
 46531 | D:1      | Identified the +1 buckler "Tuvavol" {-Cast Contam +Blink
                  | Dex+9} (You bought it in a shop on level 1 of the Dungeon)
 46548 | D:1      | Bought a runed robe for 96 gold pieces
 46589 | D:1      | Bought a scroll of acquirement for 728 gold pieces
 46589 | D:1      | Bought a scroll of teleportation for 42 gold pieces
 46589 | D:1      | Bought a scroll of teleportation for 42 gold pieces
 46589 | D:1      | Bought a scroll of teleportation for 42 gold pieces
 46590 | D:1      | Acquired a +2 heavy double sword
 46933 | Swamp:1  | Gained mutation: You have very sharp teeth. [a cacodemon]
 46940 | Swamp:1  | Gained mutation: You are dopey. (Int -2) [a cacodemon]
 46949 | Swamp:1  | Killed snackwell's ghost
 47024 | Abyss:2  | Cast into level 2 of the Abyss (spriggan rider)
 47025 | Abyss:2  | Found a corrupted altar of Lugonu.
 47071 | Abyss:2  | Found a corrupted altar of Lugonu.
 47100 | Abyss:2  | Found a corrupted altar of Lugonu.
 47144 | Abyss:2  | Found a corrupted altar of Lugonu.
 47492 | Abyss:2  | Found a corrupted altar of Lugonu.
 47579 | Abyss:2  | Found a corrupted altar of Lugonu.
 47650 | Swamp:1  | Escaped the Abyss
 47656 | Swamp:1  | Gained mutation: You are weak. (Str -2) [a cacodemon]
 47658 | Swamp:1  | Lost mutation: You are dopey. (Int -2) [potion of mutation]
 47658 | Swamp:1  | Lost mutation: You are weak. (Str -2) [potion of mutation]
 47658 | Swamp:1  | Gained mutation: Your spells are a little easier to cast,
                  | but a little less powerful. [potion of mutation]
 47893 | Spider:2 | Paralysed by a jorogumo for 2 turns
 48033 | Spider:2 | Killed Vubreenic's ghost
 48075 | Spider:2 | Identified the ring of the Seven Friars {rC++ MP+9 Str+2
                  | Int+3}
 48081 | Spider:2 | Identified the +0 hat of True Grit {rPois rF+ Str+3}
 48128 | Spider:2 | Acquired 865 gold pieces
 48376 | Depths:1 | Entered Level 1 of the Depths
 48517 | Depths:1 | Reached skill level 15 in Long Blades
 48517 | Depths:1 | Reached skill level 10 in Spellcasting
 48523 | Depths:1 | Reached XP level 21. HP: 46/216 MP: 32/35
 48628 | Depths:1 | Noticed Aizul
 48633 | Depths:1 | Killed Aizul
 48715 | Depths:1 | Found a one-way gate leading to the halls of Pandemonium.
 49099 | Depths:1 | Found Zururowoekk's Gadget Gallery.
 49128 | Depths:1 | Found a gateway to Hell.
 49210 | Depths:1 | Noticed Saint Roka
 49227 | Depths:1 | Killed Saint Roka
 49878 | Depths:2 | Noticed a golden dragon
 50323 | Depths:2 | Noticed a caustic shrike
 50332 | Depths:2 | Killed a caustic shrike
 50549 | Depths:2 | Killed a golden dragon
 50836 | Depths:2 | Acquired 870 gold pieces
 50999 | Depths:2 | Identified the +10 battleaxe of Gloom {heavy, Str+2 SInv}
 51136 | Depths:2 | Identified the +0 glaive of Responsibility {spect, *Corrode
                  | rElec Str+4 Int+3 Stlth+}
 51149 | Depths:2 | HP: 7/216 [frost giant/+2 battleaxe of freezing (18)]
 51156 | Depths:2 | HP: 10/216 [spriggan air mage/the air (7)]
 51170 | Depths:2 | Noticed a golden dragon
 51332 | Depths:2 | Noticed a caustic shrike
 51340 | Depths:2 | Killed a caustic shrike
 51559 | Depths:2 | Noticed a golden dragon
 51585 | Depths:2 | HP: 10/216 [living spell/divine providence[a walking divine
                  | tome] (14)]
 51586 | Depths:2 | Killed from afar by a golden dragon

Illustrated notes

Levels and vault maps discovered:
D:1:      roderic_crop_circles_arrival_small, layout_loops_cross, serial_shops,
          shop, nicolae_shop_scrapyard, shop, shop, shop_fountains
D:2:      layout_rooms, serial_glass, glass_columns_a, glass_columns_a,
          uniq_jessica
D:3:      layout_rooms, okawaru_gym_becter, gammafunk_temple_overflow_pools,
          serial_undead, serial_undead_f, serial_undead_f, serial_undead_c,
          serial_undead_a, due_unseen_surprise, uniq_terence
D:4:      nicolae_cairo_tiling_large, layout_loops_ring,
          chequers_temple_overflow_statue_of_worship, grunt_decor_arrowhead
D:5:      layout_loops_ring, general_overflow_altar
D:6:      layout_cave_pools, nicolae_ru_awakened_eye
D:7:      cheibrodos_shockbox, layout_basic, nzn_wu_jian_contemplation,
          minmay_temple_entry_antechambers, grunt_ministairs_14
D:8:      kennysheep_ambush_hall, layout_rooms, nzn_hepliaklqana_mist_gate,
          slow_altar_2, nicolae_ossuary_entry_giza, minmay_ruffians, uniq_grum,
          uniq_amaemon
D:9:      layout_stronghold, minmay_orc_entry_temple_small, enter_bailey_7,
          uniq_maggie
D:10:     layout_loops_corners, nicolae_trove_entry_diagonal
D:11:     layout_irregular_city, minmay_lair_entry_grove, jiyva_altar_1
D:12:     layout_basic, corexii_checkpoint_b, minmay_statue_crystal_thing
D:13:     layout_irregular_city, david_vaults_2,
          nicolae_uskayaw_murder_on_the_dancefloor
D:14:     minmay_opposing_rooms, layout_small_grid, chequers_arboretum
D:15:     grunt_enter_depths_giant_problem, layout_basic
Lair:1:   layout_cave_pods, chequers_serial_rivers_micro_c, uniq_fannar
Lair:2:   layout_cave_pods, minmay_swamp_entry_worms, serial_rivers,
          chequers_serial_rivers_large_a, chequers_serial_rivers_micro_e,
          chequers_serial_rivers_large_b, chequers_serial_rivers_micro_c,
          chequers_serial_rivers_micro_b
Lair:3:   beast_lair_carwin_large_2, layout_regular_city, spider_nest_entry_a,
          gauntlet_entry_generic
Lair:4:   layout_gridlike, serial_bayou_shore_b, grunt_megastairs_2
Lair:5:   hellmonk_lair_end_abyssal_woods, layout_cave_pods,
          nicolae_slime_entry_slimehenge, serial_rivers,
          chequers_serial_rivers_micro_b, chequers_serial_rivers_small_a,
          chequers_serial_rivers_small_a, chequers_serial_rivers_micro_e,
          chequers_serial_rivers_micro_e
Swamp:1:  layout_basic_swamp, gammafunk_ghost_abyssal_escape,
          infiniplex_staircase_pool, uniq_nikola
Swamp:2:  layout_basic_swamp, gammafunk_ghost_arena, evilmike_swamp_ruin_wall
Swamp:3:  layout_basic_swamp, evilmike_swamp_ruin_house_5
Swamp:4:  grunt_swamp_rune_castle, layout_basic_swamp, swamp_pool4
Spider:1: layout_spider_delve, uniq_mlioglotl
Spider:2: layout_spider_delve, gammafunk_ghost_split, guppyfry_spider_mini_2
Spider:3: layout_spider_delve, nicolae_spider_solar_radiation
Spider:4: guppyfry_spider_rune, nicolae_spider_nooks_and_crannies, uniq_louise,
          uniq_kirke, uniq_roxanne
Orc:1:    nicolae_orc_accident_3, layout_caves, serial_shops,
          nicolae_diamond_shop, uniq_gastronok
Orc:2:    st_orc_town, layout_diamond_mine, david_defended_altar_orc,
          uniq_sonja, uniq_rupert
Vaults:1: grunt_vaults_trifunnel, nicolae_vaults_network_square,
          nicolae_vaults_quadrants, hangedman_vaults_impose, v_misc_26,
          nicolae_vaults_network_periphery, nicolae_vaults_heart-shaped_vault,
          nicolae_vaults_storage_room_statues, nicolae_vaults_cochlea,
          layout_vaults_omnibox, serial_shops, nicolae_square_shop
Vaults:2: nicolae_vaults_storage_closets_1, grunt_vaults_diagonal, v_misc_5,
          nicolae_vaults_ring_of_whatevers, vaults_dpeg_hooks,
          hangedman_vaults_maws, v_alt_pattern_2, vaults_room_corners,
          layout_vaults_quadrants, serial_glass, uniq_asterion
Vaults:3: v_alt_pattern_1, vaults_mumra_hexcomb, hangedman_vaults_cutoff,
          nicolae_vaults_stepped_doors, nicolae_vaults_mini_display_case,
          minmay_crypt_entry_simple_round, vaults_dpeg_spiral,
          nicolae_vaults_lopsided_apartments, nicolae_vaults_double_plus_1,
          v_pattern_4, ontoclasm_vaults_eye,
          hangedman_vaults_stretched_pinwheel, nicolae_vaults_asterisk,
          nicolae_vaults_little_squares_2, layout_vaults_big_room
Vaults:4: v_rooms_5, nicolae_vaults_octagons, v_alt_pattern_6,
          nicolae_vaults_sesquioval_fish, hangedman_vaults_hat,
          nicolae_vaults_ring_of_whatevers, ontoclasm_vaults_spin,
          grunt_vaults_focal, ontoclasm_vaults_gateway, dpeg_vaults_monster_box,
          layout_vaults_omnicross
Depths:1: nicolae_cairo_tiling_very_big, layout_gridlike,
          chequers_serial_rivers_micro_d, pan_entry, hell_entry,
          nicolae_kite_square_tiling_tiny, nicolae_shop_gadgets, firewood_loft,
          uniq_aizul, uniq_saint_roka
Depths:2: box_level_dp, hell_entry, pan_entry

Skill      XL: |  1  2  3  4  5  6  7  8  9 10 11 12 13 14 15 16 17 18 19 20 21 |
---------------+----------------------------------------------------------------+-----
Ice Magic      | 5 6 7 8 10 11 13 14 15 16 17 | 17.5
Spellcasting   | 3 4 5 8 10 11 | 11.4
Fighting       | 1 3 5 7 9 13 16 18 19 | 19.0
Invocations    | 8 14 16 18 | 18.0
Shields        | 2 7 10 11 12 14 | 14.9
Long Blades    | 9 13 14 15 16 | 16.0
Dodging        | |  1.5
Stealth        | |  3.0

Action                     |  1- 3 |  4- 6 |  7- 9 | 10-12 | 13-15 | 16-18 | 19-21 || total
---------------------------+-------+-------+-------+-------+-------+-------+-------++-------
  Melee: Hand axe          |       |    72 |    71 |       |       |       |       ||   143
         Punch             |       |     1 |     1 |       |       |       |       ||     2
         War axe           |       |       |    15 |       |       |       |       ||    15
         Glaive            |       |       |    23 |   227 |   519 |   367 |       ||  1136
         Constrict         |       |       |       |       |   154 |   221 |   244 ||   619
         Scimitar          |       |       |       |       |     9 |   484 |   624 ||  1117
         Double sword      |       |       |       |       |       |       |   453 ||   453
         Bite              |       |       |       |       |       |       |   109 ||   109
   Cast: Freeze            |    27 |    37 |    12 |       |       |       |       ||    76
         Frozen Ramparts   |       |    20 |    35 |    64 |    60 |    59 |    72 ||   310
         Ozocubu's Armour  |       |     2 |    13 |    46 |    51 |    51 |    50 ||   213
         Summon Ice Beast  |       |       |       |     1 |     3 |     3 |     3 ||    10
         Freezing Cloud    |       |       |       |       |       |       |    24 ||    24
 Invoke: Summon Divine War |       |       |       |       |       |     8 |     9 ||    17
         Divine Shield     |       |       |       |       |       |       |     2 ||     2
Ability: Spit Poison       |    24 |    11 |     2 |       |       |       |     1 ||    38
  Evoke: Wand              |       |       |       |     1 |     4 |       |       ||     5
         Phantom mirror    |       |       |       |       |       |     1 |     1 ||     2
    Use: Scroll            |       |       |       |    24 |     9 |     7 |    25 ||    65
         Potion            |       |       |       |     1 |     1 |    13 |    15 ||    30
   Stab: Sleeping          |       |     1 |       |       |       |       |       ||     1
 Armour: Robe              |     1 |    35 |    72 |   105 |   509 |   926 |   632 ||  2280
  Dodge: Dodged            |     5 |    50 |    98 |    81 |   279 |   512 |   243 ||  1268
  Block: Kite shield       |       |       |       |       |       |   387 |   732 ||  1119
